 Dungeon Crawl Stone Soup version 0.31.0-10-gcf4a605ca0 (webtiles) character file.

Game seed: 13448746423450462237

65143 hito the Tortoise (level 15, -3/110 HPs)
             Began as a Formicid Earth Elementalist on Jan 26, 2024.
             Was an Initiate of Uskayaw.
             Slain by a demonic crawler (4 damage)
             ... on level 1 of the Spider Nest.
             The game lasted 01:26:24 (30616 turns).

hito the Tortoise (Formicid Earth Elementalist)    Turns: 30616, Time: 01:26:25

Health: -3/110     AC: 26    Str: 23    XL:     15   Next: 57%
Magic:  29/33      EV:  9    Int: 26    God:    Uskayaw [......]
Gold:   1201       SH:  6    Dex: 19    Spells: 6/24 levels left

rFire   + . .        F - +3 executioner's axe of the Fox {vamp, rElec rF+ Int+4}
rCold   . . .        c - +0 buckler
rNeg    . . .        K - +4 storm dragon scales of Spring {rElec rPois}
rPois   +            (helmet unavailable)
rElec   +            (no cloak)
rCorr   .            u - +2 pair of gloves
SInv    +            e - +0 pair of boots
Will    +....        f - amulet of regeneration Stlth
                     j - ring of magical power
HPRegen 1.18/turn    a - ring "Vauneiwa" {Str+4 Int+6 Dex+5}
MPRegen 0.23/turn

%: no passive effects
@: no status effects
A: permanent stasis, dig shafts and tunnels, antennae 3, four strong arms
a: Dig, Shaft Self, Renounce Religion


You were on level 1 of the Spider Nest.
You worshipped Uskayaw.
Uskayaw was pleased with you.
You visited 5 branches of the dungeon, and saw 19 of its levels.
You also visited: Bailey.

You collected 2346 gold pieces.
You spent 1145 gold pieces at shops.

Inventory:

Hand Weapons
 F - the +3 executioner's axe of the Fox (weapon) {vamp, rElec rF+ Int+4}
   (You bought it in a shop on level 2 of the Orcish Mines)

   Int+4:     It affects your intelligence (+4).
   rF+:       It protects you from fire.
   rElec:     It insulates you from electricity.
 R - a +6 arbalest of electrocution
 Z - a +2 battleaxe of holy wrath
Missiles
 s - 3 throwing nets
Armour
 c - a +0 buckler (worn)
 e - a +0 pair of boots (worn)
 u - a +2 pair of gloves (worn)
 B - the +8 plate armour "Gyagh" {Will+}
   (You took it off a gnoll on level 5 of the Dungeon)

   Will+:     It increases your willpower.
 G - a +1 scale mail of fire resistance
 K - the +4 storm dragon scales of Spring (worn) {rElec rPois}
   (You took it off an orc warrior in a bailey)

   rElec:     It insulates you from electricity.
   rPois:     It protects you from poison
 Q - +0 steam dragon scales
 S - a +0 kite shield
 X - a +0 troll leather armour
Magical Staves
 r - a staff of conjuration
Jewellery
 a - the ring "Vauneiwa" (right hand) {Str+4 Int+6 Dex+5}
   (You found it on level 6 of the Dungeon)

   [ring of intelligence]

   Str+4:     It affects your strength (+4).
   Int+6:     It affects your intelligence (+6).
   Dex+5:     It affects your dexterity (+5).
 d - a ring of protection from cold
 f - an amulet of regeneration (around neck)
 h - a ring of fire
 j - a ring of magical power (left hand)
 p - an amulet of reflection
 y - a ring of resist corrosion
 J - a ring of magical power
 M - a ring of willpower
Wands
 q - a wand of iceblast (22)
 I - a wand of flame (94)
 O - a wand of acid (11)
 P - a wand of paralysis (13)
Scrolls
 l - 3 scrolls of vulnerability
 m - 2 scrolls of poison
 v - 2 scrolls of enchant armour
 w - 3 scrolls of noise
 x - a scroll of fog
 C - 2 scrolls of revelation
 D - 2 scrolls of immolation
 E - 4 scrolls of fear
 H - a scroll of summoning
 L - a scroll of amnesia
 T - a scroll of brand weapon
 U - a scroll of silence
 V - a scroll of enchant weapon
Potions
 b - 4 potions of magic
 g - 2 potions of attraction
 i - 2 potions of brilliance
 k - 3 potions of heal wounds
 o - 7 potions of curing
 t - a potion of resistance
 z - 4 potions of mutation
 A - 4 potions of ambrosia
 N - 4 potions of might
 W - a potion of lignification {unknown}
 Y - a potion of cancellation
Miscellaneous
 n - a phantom mirror


   Skills:
 + Level 8.0 Fighting
 + Level 0.0 Axes
 - Level 16.0 Armour
 - Level 1.7 Dodging
 - Level 2.4 Stealth
 - Level 5.0 Shields
 - Level 5.0 Spellcasting
 - Level 7.0 Conjurations
 + Level 15.8 Earth Magic
 - Level 8.0 Alchemy
 - Level 13.0 Invocations
 - Level 5.0 Evocations


You had 6 spell levels left.
You knew the following spells:

 Your Spells              Type           Power      Damage    Failure   Level
b - Stone Arrow           Conj/Erth      100%       3d13      1%          3
c - Passwall              Erth           73%        N/A       1%          3
d - Brom's Barrelling Bo  Conj/Erth      60%        2d8       3%          4
e - Petrify               Alch/Erth      62%        N/A       3%          4
f - Leda's Liquefaction   Alch/Erth      31%        N/A       3%          4

Your spell library contained the following spells:

 Spells                   Type           Power      Damage    Failure   Level
 Sandblast                Erth           100%       2d20      1%          1
 Mercury Vapours          Alch/Air       54%        N/A       11%         2
 Mephitic Cloud           Conj/Alch/Air  32%        N/A       14%         3
 Hailstorm                Conj/Ice       24%        3d7       26%         3
 Freeze                   Ice            24%        1d4       36%         1
 Summon Small Mammal      Summ           24%        N/A       36%         1
 Call Canine Familiar     Summ           6%         N/A       75%         3
 Frozen Ramparts          Ice            12%        1d2       75%         3
 Fugue of the Fallen      Necr           6%         N/A       75%         3
 Ozocubu's Armour         Ice            6%         N/A       75%         3
 Arcjolt                  Conj/Air       12%        1d22      94%         5
 Manifold Assault         Tloc           6%         N/A       98%         4
 Summon Blazeheart Golem  Fire/Summ      6%         N/A       98%         4
 Freezing Cloud           Conj/Ice/Air   9%         6-21      99%         5
 Metabolic Englaciation   Hex/Ice        3%         N/A       100%        5
 Maxwell's Capacitive Co  Air            3%         ∞         100%        8
 Chain Lightning          Conj/Air       12%        3d16      100%        9
 Fire Storm               Conj/Fire      12%        8d3       100%        9
 Shatter                  Erth           36%        3d29*     100%        9
 Vhi's Electric Charge    Tloc/Air       Unusable   N/A       N/A         4

Dungeon Overview and Level Annotations

Branches:
Dungeon (10/15)            Temple (1/1) D:5            Lair (5/5) D:8
 Shoals (0/4) Lair:2       Spider (1/4) Lair:3        Slime (0/5) Lair:5
    Orc (2/2) D:10            Elf (0/3) Orc:2        Bailey (visited)

Altars:
Ashenzari
Cheibriados
Dithmenos
Elyvilon
Fedhas
Gozag
Hepliaklqana
Kikubaaqudgha
Makhleb
Nemelex Xobeh
Okawaru
Qazlal
Ru
Sif Muna
Trog
Uskayaw
Vehumet
Wu Jian
Xom
Yredelemnul
Zin
The Shining One
Jiyva

Shops:
D:4 [   D:6 *   D:9 (   Orc:2 (?!!

Portals:
Abyss: D:7

Annotations:
D:7 2 transporters, exclusion: downstairs, howech's ghost, novice MiBe
Lair:3 exclusion: downstairs
Lair:4 3 runed translucent doors, Hsik's ghost, journeyman TrCA
Orc:1 1 runed translucent door, kazak's ghost, journeyman OpFE


Innate Abilities, Weirdness & Mutations

You cannot be hasted, slowed, berserked, paralysed or teleported.
You can dig through walls and to a lower floor.
You have a pair of large antennae on your head. (SInv)
Your four strong arms can wield two-handed weapons with a shield.


Message History

The jumping spider bites you but does no damage.
The demonic crawler hits you but does no damage. x2
The demonic crawler hits you.
* * * LOW HITPOINT WARNING * * *
The jumping spider leaps! x2; The jumping spider pounces on you.
* * * LOW HITPOINT WARNING * * *
You are even more entangled.
The jumping spider bites you but does no damage.
You can no longer pass through a line of other dancers.
You finish merging with the rock.
The jumping spider leaps! x2
Okay, then.
You barely miss the jumping spider.
The jumping spider is severely wounded.
The jumping spider pounces on you but does no damage.
The jumping spider bites you but does no damage.
The jumping spider pounces on you but does no damage.
The jumping spider bites you but does no damage.
The jumping spider pounces on you.
* * * LOW HITPOINT WARNING * * *
You are caught in a web!
The jumping spider bites you but does no damage.
The jumping spider leaps!
Unknown command.
The web tears apart.
The jumping spider barely misses you. The jumping spider misses you.
The jumping spider pounces on you but does no damage.
The jumping spider bites you but does no damage.
You stomp with the beat, sending a shockwave through the revellers around you!
You kill the jumping spider!
The demonic crawler is moderately wounded.
You can no longer stomp with the beat.
The demonic crawler hits you!
* * * LOW HITPOINT WARNING * * *
The demonic crawler hits you!
* * * LOW HITPOINT WARNING * * *
The demonic crawler barely misses you. The demonic crawler hits you!
* * * LOW HITPOINT WARNING * * *
The demonic crawler hits you.
You die...

##.#.#....###
.#.,#..##...## #.#
ss,#........# #..#
#○ #.○#.#..###...
# ,
#.##{..#####....
....###s.s#....#
..#
#s...####s.###..#
#..^....#.s.#.#..#
#..###....@..#..#
## ###..#.#.#..##
#......####..#
#..###..# #..##
###....## #...#
#.^....###..##
##<.##..##...##
#...#...###..)##
#...#..## ###.^###


You could see a demonic crawler and 2 jumping spiders.

Vanquished Creatures
  4 hydras
  2 catoblepae (Lair:4)
  A centaur warrior (D:8)
  3 two-headed ogres
  4 orc high priests (Orc:2)
  5 death yaks
  Sonja (Orc:2)
  A skyshark (Lair:4)
  A lindwurm (Lair:4)
  5 orc knights
  6 orc sorcerers
  3 meliai (Lair:4)
  A manticore (Lair:4)
  16 elephants
  4 kobold blastminers (Orc:2)
  5 black mambas
  A water nymph (Lair:2)
  A gargoyle (D:8)
  11 cane toads
  3 rime drakes
  A kobold demonologist (D:9)
  9 komodo dragons
  A merfolk (Lair:2)
  A queen bee (Lair:4)
  6 polar bears
  2 trolls
  3 hornets
  28 blink frogs
  A jumping spider (Spider:1)
  A spriggan (Lair:5)
  A shadow (D:8)
  37 yaks
  5 wyverns
  2 wargs
  2 steam dragons
  5 basilisks
  A vampire mosquito (D:8)
  20 water moccasins
  An acid dragon (D:10)
  An ice beast (D:7)
  2 sky beasts
  4 black bears
  An elephant zombie (D:9)
  4 ogres
  15 orc warriors
  15 wolves
  4 centaurs
  A weeping skull (D:9)
  2 kobold brigands
  14 bullfrogs
  3 gnoll sergeants
  4 scorpions
  6 wights
  36 killer bees (Lair:4)
  4 howler monkeys
  2 electric eels (Lair:2)
  2 crimson imps (D:3)
  A bombardier beetle (D:7)
  A jelly (D:5)
  2 human zombies (D:9)
  12 orc priests
  3 hounds (D:5)
  A gnoll bouda (D:5)
  3 iguanas
  A sleepcap (D:8)
  A scorpion zombie (D:9)
  21 orc wizards
  7 hell rats
  A killer bee zombie (D:9)
  An ogre zombie (D:9)
  6 hound zombies (D:9)
  A howler monkey zombie (D:9)
  31 gnolls
  8 adders
  A white imp (D:8)
  2 ufetubi (D:7)
  An adder zombie (D:9)
  4 ribbon worms
  14 dart slugs
  69 orcs
  8 endoplasms
  5 giant cockroaches
  12 hobgoblins
  22 jackals
  A quokka (D:5)
  6 ball pythons
  A bat (D:2)
  A frilled lizard (D:1)
  9 goblins
  14 kobolds
  6 rats
  A butterfly (Lair:5)
603 creatures vanquished.

Vanquished Creatures (collateral kills)
  A hydra (Lair:5)
  A boulder beetle (Lair:5)
  5 elephants (Lair:5)
  A black mamba (Lair:5)
  A komodo dragon (Lair:5)
  A wyvern (Lair:5)
  A water moccasin (D:8)
  A sky beast (D:8)
  A wolf (Lair:5)
  15 boulders
28 creatures vanquished.

Vanquished Creatures (others)
  An arcanist (D:10)
  16 boulders
17 creatures vanquished.

Grand Total: 648 creatures vanquished

Notes
Turn   | Place    | Note
-------+----------+-------------------------------------------
     0 | D:1      | hito the Formicid Earth Elementalist began the quest for
                  | the Orb.
     0 | D:1      | Reached XP level 1. HP: 13/13 MP: 3/3
   300 | D:1      | Reached XP level 2. HP: 19/19 MP: 3/5
   442 | D:1      | Found a faded altar of an unknown god.
   447 | D:1      | Got Plato's Compendium of Clay
   450 | D:1      | Prayed at the altar of an unknown god.
   450 | D:1      | Became a worshipper of the Shining One
   450 | D:1      | Reached * piety under the Shining One
   768 | D:2      | Reached XP level 3. HP: 24/24 MP: 6/6
   790 | D:2      | Reached skill level 1 in Invocations
   965 | D:2      | Reached skill level 5 in Earth Magic
  1049 | D:2      | Reached XP level 4. HP: 30/30 MP: 7/7
  1192 | D:2      | Learned a level 3 spell: Stone Arrow
  1196 | D:2      | Learned a level 3 spell: Passwall
  1249 | D:2      | Reached skill level 1 in Conjurations
  1513 | D:2      | Reached XP level 5. HP: 35/35 MP: 8/8
  1898 | D:3      | Found a shimmering altar of Xom.
  2090 | D:3      | Reached XP level 6. HP: 41/41 MP: 9/9
  2118 | D:3      | Found a white marble altar of Elyvilon.
  2219 | D:3      | Reached ** piety under the Shining One
  2498 | D:3      | Found an iron altar of Okawaru.
  2788 | D:3      | Found a glowing silver altar of Zin.
  3061 | D:4      | Reached XP level 7. HP: 46/46 MP: 10/10
  3168 | D:4      | Found a broken altar of Ashenzari.
  3347 | D:4      | Reached skill level 1 in Fighting
  3627 | D:4      | Found Caxoiteq's Antique Armour Boutique.
  4087 | D:5      | Entered Level 5 of the Dungeon
  4536 | D:5      | Reached XP level 8. HP: 55/57 MP: 7/11
  4842 | D:5      | Reached skill level 1 in Shields
  5174 | D:5      | Reached skill level 5 in Invocations
  5330 | D:5      | Learned a level 4 spell: Brom's Barrelling Boulder
  5547 | D:5      | Identified the +8 plate armour "Gyagh" {Will+}
  6056 | D:5      | Found a staircase to the Ecumenical Temple.
  6087 | Temple   | Entered the Ecumenical Temple
  6104 | D:5      | Found an ornate altar of the Wu Jian Council.
  6192 | D:6      | Reached skill level 1 in Armour
  6192 | D:6      | Reached skill level 5 in Shields
  6251 | D:6      | Reached skill level 2 in Armour
  6426 | D:6      | Reached skill level 4 in Armour
  6426 | D:6      | Reached XP level 9. HP: 63/63 MP: 8/13
  6557 | D:6      | Identified the ring "Vauneiwa" {Str+4 Int+6 Dex+5}
  6584 | D:6      | Found Zoliac's General Store.
  6867 | D:6      | Reached skill level 5 in Armour
  7052 | D:6      | Reached *** piety under the Shining One
  7187 | D:6      | Bought a wand of iceblast (4) for 124 gold pieces
  7187 | D:6      | Bought a scroll of identify for 26 gold pieces
  7367 | D:6      | Found a glowing golden altar of the Shining One.
  7740 | D:7      | Noticed a sixfirhy
  7805 | D:7      | Found a one-way gate to the infinite horrors of the Abyss.
  7805 | D:7      | Noticed howech's ghost (novice MiBe)
  7894 | D:7      | Found a transporter.
  7896 | D:7      | Found a transporter.
  8079 | D:7      | Found an ancient bone altar of Kikubaaqudgha.
  8165 | D:7      | Noticed an ancient zyme
  8172 | D:7      | Found a snail-covered altar of Cheibriados.
  8175 | D:7      | Reached skill level 6 in Armour
  8329 | D:8      | Reached XP level 10. HP: 70/70 MP: 14/14
  8415 | D:8      | Reached skill level 5 in Conjurations
  8642 | D:8      | Found a radiant altar of Vehumet.
  8676 | D:8      | Reached skill level 10 in Earth Magic
  8766 | D:8      | Found a flagged portal.
  8775 | Bailey   | Entered a bailey
  9087 | Bailey   | Noticed an orc knight
  9103 | Bailey   | Killed an orc knight
  9283 | Bailey   | Identified the +4 storm dragon scales of Spring {rElec
                  | rPois}
  9517 | D:8      | Found a staircase to the Lair.
  9583 | D:8      | Reached skill level 10 in Invocations
  9587 | D:8      | Noticed a centaur warrior
  9998 | D:8      | Killed a centaur warrior
  9999 | D:8      | Reached skill level 7 in Armour
  9999 | D:8      | Reached XP level 11. HP: 29/76 MP: 18/19
 10126 | Lair:1   | Entered Level 1 of the Lair of Beasts
 10447 | D:8      | Noticed a tengu warrior
 10614 | D:8      | Found a stormy altar of Qazlal.
 10752 | D:8      | Noticed a two-headed ogre
 10765 | D:8      | Killed a two-headed ogre
 10766 | D:8      | Reached skill level 5 in Fighting
 10766 | D:8      | Reached skill level 8 in Armour
 10934 | D:8      | Reached skill level 9 in Armour
 11038 | D:8      | Noticed a two-headed ogre
 11045 | D:8      | Killed a two-headed ogre
 11256 | D:9      | Found Gyihosk's Weapon Shop.
 11280 | D:9      | Reached **** piety under the Shining One
 11493 | Lair:1   | Reached skill level 10 in Armour
 12074 | Lair:1   | Reached skill level 5 in Spellcasting
 12074 | Lair:1   | Reached XP level 12. HP: 86/86 MP: 14/20
 12081 | Lair:1   | Reached skill level 11 in Armour
 12956 | Lair:1   | Reached skill level 12 in Armour
 14105 | Lair:2   | Reached skill level 13 in Armour
 14493 | Lair:2   | Found a staircase to the Shoals.
 14515 | Lair:2   | Noticed a four-headed hydra
 14521 | Lair:2   | Killed a four-headed hydra
 14970 | Lair:2   | Reached XP level 13. HP: 91/91 MP: 8/21
 15888 | Lair:3   | Reached skill level 14 in Armour
 16177 | Lair:3   | Learned a level 4 spell: Petrify
 16354 | Lair:3   | Found a hole to the Spider Nest.
 16479 | Lair:3   | Reached skill level 1 in Alchemy
 16659 | Lair:3   | Reached skill level 1 in Evocations
 17171 | Lair:4   | Found a runed translucent gate.
 17172 | Lair:4   | Found a runed translucent gate.
 17172 | Lair:4   | Found a runed translucent gate.
 17173 | Lair:4   | Noticed a quicksilver ooze
 17173 | Lair:4   | Noticed an acid blob
 17173 | Lair:4   | Reached ***** piety under the Shining One
 17173 | Lair:4   | Noticed an acid blob
 17173 | Lair:4   | Noticed an acid blob
 17174 | Lair:4   | Noticed an azure jelly
 17174 | Lair:4   | Noticed Hsik's ghost (journeyman TrCA)
 17174 | Lair:4   | Noticed an acid blob
 17174 | Lair:4   | Noticed an azure jelly
 17175 | Lair:4   | Noticed a quicksilver ooze
 17885 | Lair:4   | Noticed a catoblepas
 17892 | Lair:4   | Killed a catoblepas
 18155 | Lair:3   | Reached skill level 5 in Alchemy
 18960 | Lair:4   | Reached skill level 15 in Armour
 18960 | Lair:4   | Reached skill level 5 in Evocations
 19596 | Lair:4   | Noticed a six-headed hydra
 19642 | Lair:4   | Killed a six-headed hydra
 19643 | Lair:4   | Reached XP level 14. HP: 98/98 MP: 18/22
 19891 | Spider:1 | Entered Level 1 of the Spider Nest
 20932 | Lair:4   | Found a viscous altar of Jiyva.
 21095 | D:9      | Reached skill level 16 in Armour
 22370 | D:9      | Found a basalt altar of Yredelemnul.
 22781 | D:10     | Entered Level 10 of the Dungeon
 22829 | D:10     | Found a bloodstained altar of Trog.
 23621 | D:10     | Found a staircase to the Orcish Mines.
 23649 | D:10     | Learned a level 4 spell: Leda's Liquefaction
 23718 | D:10     | Found a sparkling altar of Nemelex Xobeh.
 23718 | D:10     | Found an opulent altar of Gozag.
 24124 | Orc:1    | Entered Level 1 of the Orcish Mines
 24397 | Orc:2    | Entered Level 2 of the Orcish Mines
 24701 | Orc:2    | Found a staircase to the Elven Halls.
 24784 | Orc:1    | Found a runed translucent door.
 24784 | Orc:1    | Found a shimmering altar of Xom.
 24784 | Orc:1    | Noticed kazak's ghost (journeyman OpFE)
 25179 | Orc:2    | Reached ****** piety under the Shining One
 25747 | Orc:2    | Noticed Sonja
 25757 | Orc:2    | Killed Sonja
 27179 | Orc:2    | Reached XP level 15. HP: 110/110 MP: 24/24
 27247 | Orc:2    | Found Behem's Distillery.
 27359 | Orc:2    | Found Maom's Antique Weapon Shop.
 27365 | Orc:2    | Found Wiatan's Magic Scroll Shop.
 27367 | Orc:2    | Found Eckiek's Distillery.
 27373 | Orc:2    | Bought a scroll of fear for 56 gold pieces
 27373 | Orc:2    | Bought a scroll of identify for 28 gold pieces
 27381 | Orc:2    | Bought a potion of magic for 112 gold pieces
 27381 | Orc:2    | Bought a potion of magic for 112 gold pieces
 27394 | Orc:2    | Bought a potion of heal wounds for 70 gold pieces
 27394 | Orc:2    | Bought a potion of heal wounds for 70 gold pieces
 27394 | Orc:2    | Bought a potion of cancellation for 112 gold pieces
 27613 | Lair:5   | Entered Level 5 of the Lair of Beasts
 27829 | Lair:5   | Found a staircase to the Slime Pits.
 29081 | Lair:5   | Reached skill level 15 in Earth Magic
 30112 | Orc:2    | Bought a masterwork executioner's axe for 435 gold pieces
 30112 | Orc:2    | Identified the +3 executioner's axe of the Fox {vamp, rElec
                  | rF+ Int+4} (You bought it in a shop on level 2 of the
                  | Orcish Mines)
 30149 | Orc:2    | Identified a +2 battleaxe of holy wrath (a +0 battleaxe
                  | blessed by the Shining One)
 30149 | Orc:2    | Received a gift from the Shining One
 30150 | Orc:2    | Fell from the grace of the Shining One
 30321 | Temple   | Became a worshipper of Uskayaw the Reveller
 30605 | Spider:1 | Reached * piety under Uskayaw
 30608 | Spider:1 | Reached ** piety under Uskayaw
 30616 | Spider:1 | HP: 1/110 [demonic crawler (9)]
 30616 | Spider:1 | Slain by a demonic crawler

Illustrated notes

Levels and vault maps discovered:
D:1:      nzn_arrival_crosshair, layout_basic,
          shapermc_ecumenical_altar_rom_forum
D:2:      cheibrodos_greedy_goblins, layout_loops_cross, minmay_crystal_room,
          chequers_serial_rivers_room_b
D:3:      layout_loops_ring, elyvilon_altar_1, zin_treasury, lemuel_round_altar,
          led_xom_imps, nicolae_titane
D:4:      kennysheep_slugbush, layout_basic, nicolae_ashenzari_panopticon,
          serial_shops, shop
D:5:      lemuel_castle_with_subvaults [lemuel_castle_interior_carwin_1],
          layout_basic, pdpol_wu_jian_five_deadly_venoms,
          minmay_temple_entry_metal_lava, minmay_misc_feat_x, nicolae_tricolors
D:6:      layout_basic, marbit_many_paths, serial_shops, shop_statue,
          serial_co_window_serial, co_window_of_opportunity_a,
          co_window_paths_b, co_window_paths_a, co_window_corner_a,
          co_window_paths_a, co_window_paths_a, co_window_corner_a,
          co_window_broadway_a, co_window_broadway_c, co_window_corner_b,
          co_window_corner_b, glass_columns_c
D:7:      layout_cave_pools, lemuel_doored_altar, slow_altar_2,
          gammafunk_ghost_abyssal_escape
D:8:      minmay_chambers_of_sevens, layout_loops_ring, vehumet_crystals,
          nicolae_qazlal_eye_of_the_storm, serial_glass, glass_columns_c,
          glass_columns_a, enter_bailey_2
D:9:      layout_loops_corners, nicolae_stop_n_shop_2,
          roadster_capsule_ark_zombie
D:10:     layout_irregular_city, grunt_temple_overflow_opulence, trog_wizard,
          orc_0_dummy, lemuel_flamethrower_2
Temple:   pf_temple_reverse_labyrinth
Lair:1:   layout_cave_pods, minivault_11, chequers_serial_rivers_large_b
Lair:2:   layout_cave_pods, nicolae_shoals_entry_flooding, serial_bayou_shore_a
Lair:3:   layout_concentric_octagons, dummy_spider_entry,
          cheibrodos_lair_caveside_slide
Lair:4:   regret_index_combs_of_tragedy, layout_regular_city,
          gammafunk_ghost_ooze
Lair:5:   minmay_lair_end_enchanted_forest, layout_regular_city, slime_entry_1,
          nicolae_lair_lil_pond, nicolae_lair_grove_arrangements,
          lemuel_fruit_fields
Spider:1: layout_spider_delve
Orc:1:    layout_caves, ebering_ghost_xom
Orc:2:    st_orc_elflike, layout_diamond_mine, basic_altar,
          nicolae_orc_crystal_seam, uniq_sonja

Skill      XL: |  1  2  3  4  5  6  7  8  9 10 11 12 13 14 15 |
---------------+----------------------------------------------+-----
Earth Magic    | 4 5 6 7 8 9 10 12 13 15 | 15.8
Invocations    | 1 2 3 4 6 11 13 | 13.0
Conjurations   | 1 2 3 4 5 7 |  7.0
Fighting       | 2 3 5 8 |  8.0
Shields        | 5 |  5.0
Armour         | 4 6 7 10 13 15 16 | 16.0
Spellcasting   | 5 |  5.0
Alchemy        | 5 7 8 |  8.0
Evocations     | 5 |  5.0
Dodging        | |  1.7
Stealth        | |  2.4

Action                     |  1- 3 |  4- 6 |  7- 9 | 10-12 | 13-15 || total
---------------------------+-------+-------+-------+-------+-------++-------
  Melee: Short sword       |    52 |    27 |       |       |       ||    79
         Punch             |       |     1 |       |       |       ||     1
         Staff             |       |    18 |    30 |    79 |   166 ||   293
         Flail             |       |       |       |       |    46 ||    46
         Executioner's axe |       |       |       |       |     7 ||     7
   Cast: Sandblast         |    19 |    84 |   100 |    17 |     5 ||   225
         Stone Arrow       |       |     7 |   101 |   214 |   575 ||   897
         Brom's Barrelling |       |       |     1 |    13 |    27 ||    41
         Leda's Liquefacti |       |       |       |       |     3 ||     3
         Passwall          |       |       |       |       |     2 ||     2
 Invoke: Cleansing Flame   |       |       |       |     1 |     1 ||     2
         Summon Divine War |       |       |       |       |     2 ||     2
         Brand Weapon With |       |       |       |       |     1 ||     1
         Stomp             |       |       |       |       |     1 ||     1
         Renounce Religion |       |       |       |       |     1 ||     1
Ability: Dig               |       |     1 |       |       |       ||     1
  Evoke: Wand              |       |       |       |     2 |       ||     2
    Use: Scroll            |       |       |    13 |     6 |     7 ||    26
         Potion            |       |       |     1 |       |       ||     1
 Armour: Robe              |    12 |    70 |    41 |       |       ||   123
         Ring mail         |       |       |     3 |       |       ||     3
         Leather armour    |       |       |     7 |    40 |       ||    47
         Storm dragon scal |       |       |       |   108 |   659 ||   767
  Dodge: Dodged            |    27 |    65 |    55 |    88 |   280 ||   515
  Block: Buckler           |       |       |    18 |    60 |   146 ||   224
         Reflection        |       |       |       |     3 |       ||     3
